 Dungeon Crawl Stone Soup version 0.31-a0-640-g39d97e502b (webtiles) character file.

Game seed: 8934216423550177835

2048 avis the Cleaver (level 9, -14/82 HPs)
             Began as a Hill Orc Monk on Aug 27, 2023.
             Was a Believer of Beogh.
             Killed from afar by a steam dragon (26 damage)
             ... with a ball of steam
             ... on level 7 of the Dungeon.
             The game lasted 00:34:53 (6166 turns).

avis the Cleaver (Hill Orc Monk)                    Turns: 6166, Time: 00:34:54

Health: -14/82     AC:  9    Str: 18    XL:     9   Next: 25%
Magic:  0/13       EV: 10    Int: 10    God:    Beogh [**....]
Gold:   485        SH:  0    Dex: 13    Spells: 8/8 levels left

rFire   . . .        a - +0 war axe
rCold   . . .        d - orb {light}
rNeg    . . .        H - +2 scale mail {rPois}
rPois   +            (no helmet)
rElec   .            (no cloak)
rCorr   .            v - +0 pair of gloves
SInv    .            (no boots)
Will    .....        L - amulet of guardian spirit Stlth
                     (no ring)
HPRegen 0.33/turn    (no ring)
MPRegen 0.13/turn

%: guardian spirit
@: glowing
A: no striking features
a: Renounce Religion, Smiting


You were on level 7 of the Dungeon.
You worshipped Beogh.
Beogh was pleased with you.
You visited 2 branches of the dungeon, and saw 8 of its levels.

You collected 485 gold pieces.

Inventory:

Hand Weapons
 a - a +0 war axe (weapon)
 b - a +0 sling
 n - a +0 trident
 w - a +2 dagger of venom
 C - a +0 spear
 E - a +1 dagger of holy wrath
 N - a +0 vampiric dagger
 O - a +0 spear
 S - a +0 glaive
Missiles
 k - 14 poisoned darts (quivered)
 P - a curare-tipped dart
Armour
 d - an orb of light (worn)
 o - the +0 ring mail of the Hidden Gods {MP+9 SInv}
   (You found it on level 2 of the Dungeon)

   MP+9:      It affects your magic capacity (+9).
   SInv:      It lets you see invisible.
 v - a +0 pair of gloves (worn)
 x - a +0 plate armour
 H - a +2 scale mail of poison resistance (worn)
 J - a +0 chain mail
 M - a +0 plate armour
 Q - a +0 chain mail
 T - a +0 plate armour
Jewellery
 L - an amulet of guardian spirit (around neck)
Wands
 y - a wand of quicksilver (7)
 D - a wand of flame (19)
 G - a wand of charming (11)
 R - a wand of iceblast (8)
Scrolls
 e - a scroll of immolation {unknown}
 f - 4 scrolls of blinking {unknown}
 j - a scroll of noise {unknown}
 l - a scroll of teleportation {unknown}
 s - a scroll of poison {unknown}
 u - a scroll of fog {unknown}
 B - a scroll of enchant armour {unknown}
 F - a scroll of fear {unknown}
 I - a scroll of vulnerability {unknown}
 K - 2 scrolls of revelation {unknown}
Potions
 c - 2 potions of ambrosia
 g - 3 potions of berserk rage
 h - 4 potions of haste
 i - 2 potions of attraction
 m - a potion of lignification
 p - a potion of invisibility {unknown}
 q - 2 potions of curing
 r - 2 potions of enlightenment {unknown}
 t - a potion of magic {unknown}
 z - a potion of cancellation {unknown}
 A - a potion of might {unknown}


   Skills:
 + Level 8.4 Fighting
 * Level 12.2 Axes
 - Level 2.4 Dodging
 + Level 5.8 Invocations


You had 8 spell levels left.
You didn't know any spells.
Your spell library contained the following spells:

 Spells                   Type           Power      Damage    Failure   Level
 Kiss of Death            Conj/Necr      0%         2d5       78%         1
 Sublimation of Blood     Necr           0%         N/A       89%         2
 Wereblood                Tmut           0%         N/A       89%         2
 Confusing Touch          Hex            0%         N/A       98%         3
 Ozocubu's Armour         Ice            0%         N/A       98%         3
 Dispel Undead            Necr           0%         3d6       100%        4
 Metabolic Englaciation   Hex/Ice        0%         N/A       100%        5
 Simulacrum               Ice/Necr       0%         N/A       100%        6
 Summon Hydra             Summ           0%         N/A       100%        7


Dungeon Overview and Level Annotations

Branches:
Dungeon (7/15)             Temple (1/1) D:4

Altars:
Ashenzari
Cheibriados
Dithmenos
Elyvilon
Gozag
Hepliaklqana
Makhleb
Nemelex Xobeh
Okawaru
Qazlal
Sif Muna
Uskayaw
Vehumet
Wu Jian
Yredelemnul

Shops:
D:1 [*([   D:5 =


Message History

The steam dragon is severely wounded.
You are engulfed in a cloud of scalding steam.
The steam dragon bites you but does no damage.
The steam dragon claws you but does no damage.
The gnoll hits you from afar with a +0 spear.
You barely miss the steam dragon.
The steam dragon is severely wounded.
You are engulfed in a cloud of scalding steam.
The steam dragon breathes steam at you. The ball of steam hits you!
* * * LOW HITPOINT WARNING * * *
The gnoll hits you from afar with a +0 spear.
* * * LOW HITPOINT WARNING * * *
You hear an angry hiss.
You hit the steam dragon.
The steam dragon is almost dead.
The steam dragon barely misses you. The steam dragon claws you.
* * * LOW HITPOINT WARNING * * *
The gnoll hits you but does no damage.
You barely miss the steam dragon.
The steam dragon is almost dead.
The steam dragon bites you.
* * * LOW HITPOINT WARNING * * *
The steam dragon claws you.
* * * LOW HITPOINT WARNING * * *
The gnoll closely misses you.
You hit the steam dragon but do no damage.
The steam dragon is almost dead.
The steam dragon barely misses you. x2; The gnoll hits you but does no damage.
You feel better. The gnoll barely misses you. The steam dragon bites you!
* * * LOW HITPOINT WARNING * * *
The steam dragon claws you.
* * * LOW HITPOINT WARNING * * *
The gnoll closely misses you.
You feel better.
The gnoll hits you from afar with a +0 spear.
* * * LOW HITPOINT WARNING * * *
The steam dragon breathes steam at you. The ball of steam hits you!!
You die...

.# ... #.# ###
♣.♣ ♣..♣ ♣§♣
♣..♣ #. ♣.♣♣g.♣
#♣..♣♣♣♣g♣..♣♣.♣
.
#?.§..@DS.....♣
.#
########g#######
## ≈≈≈
♣g♣~~≈≈≈♣# ..
≈≈≈~~♣g♣~~≈≈≈≈#
#
≈≈gg~.....S~~≈≈#
#
≈~~~.......~~~≈#
#
~~~.........~~~#
~~..!~P#P~...~~#
♣♣..~≈#[#≈~..♣♣#


You could see a steam dragon (catching breath), a water moccasin and 2 gnolls.

Vanquished Creatures
  A water moccasin (D:6)
  An ice beast (D:4)
  An orc warrior (D:6)
  3 black bears
  A sky beast (D:6)
  2 ogres
  A centaur (D:6)
  3 phantoms (D:5)
  2 kobold brigands
  6 scorpions
  2 jellies
  Ijyb (D:5)
  2 iguanas
  2 orc wizards (D:6)
  10 adders
  2 ufetubi
  2 worms
  2 dart slugs
  9 orcs
  9 bats
  7 endoplasms
  3 giant cockroaches (D:1)
  4 goblins
  A hobgoblin (D:1)
  3 quokkas
  8 ball pythons
  3 frilled lizards
  16 kobolds
  6 rats
113 creatures vanquished.

Vanquished Creatures (collateral kills)
  An orc warrior (D:6)
1 creature vanquished.

Grand Total: 114 creatures vanquished

Notes
Turn   | Place    | Note
-------+----------+-------------------------------------------
     0 | D:1      | avis the Hill Orc Monk began the quest for the Orb.
     0 | D:1      | Reached XP level 1. HP: 19/19 MP: 1/1
   127 | D:1      | Reached XP level 2. HP: 25/27 MP: 2/2
   225 | D:1      | Found Vupaq's Armour Shoppe.
   466 | D:1      | Reached skill level 5 in Axes
   468 | D:1      | Reached XP level 3. HP: 6/33 MP: 3/3
   592 | D:1      | Found Zapac's Antique Weapon Shop.
   593 | D:1      | Found Xeetoaji's Armour Shop.
   653 | D:1      | Found Coisti Fatea's Assorted Antiques.
  1356 | D:2      | Identified the +0 ring mail of the Hidden Gods {MP+9 SInv}
  2128 | D:3      | Noticed a kobold brigand
  2140 | D:3      | Killed a kobold brigand
  2141 | D:3      | Reached skill level 6 in Axes
  2141 | D:3      | Reached XP level 4. HP: 11/41 MP: 4/4
  2141 | D:3      | Reached XP level 5. HP: 12/47 MP: 5/5
  2393 | D:3      | Noticed an ogre
  2403 | D:3      | Killed an ogre
  2404 | D:3      | Reached skill level 5 in Fighting
  2404 | D:3      | Reached skill level 7 in Axes
  2536 | D:3      | Reached XP level 6. HP: 51/56 MP: 6/6
  2909 | D:4      | Became a worshipper of Beogh the Brigand
  2909 | D:4      | Reached * piety under Beogh
  2909 | D:4      | Reached ** piety under Beogh
  3041 | D:4      | Found a staircase to the Ecumenical Temple.
  3050 | Temple   | Entered the Ecumenical Temple
  3510 | D:4      | Reached skill level 8 in Axes
  3724 | D:5      | Entered Level 5 of the Dungeon
  3766 | D:5      | Noticed an ice beast
  3778 | D:4      | Killed an ice beast
  3779 | D:4      | Reached XP level 7. HP: 59/63 MP: 7/7
  3808 | D:5      | Reached skill level 9 in Axes
  3808 | D:5      | Reached skill level 1 in Invocations
  4121 | D:5      | Reached XP level 8. HP: 32/71 MP: 8/10
  4292 | D:5      | Reached skill level 10 in Axes
  4452 | D:5      | Noticed Ijyb
  4464 | D:5      | Killed Ijyb
  4484 | D:5      | Found Asaa's Jewellery Boutique.
  5441 | D:6      | Found a hazy altar of Hepliaklqana.
  5457 | D:6      | Reached skill level 11 in Axes
  5538 | D:6      | Reached skill level 5 in Invocations
  5633 | D:6      | Reached XP level 9. HP: 79/81 MP: 10/12
  5816 | D:6      | Reached skill level 12 in Axes
  6146 | D:7      | Noticed a cyclops
  6166 | D:7      | Killed from afar by a steam dragon

Illustrated notes

Levels and vault maps discovered:
D:1:      onia_arrival_mini_spirals, layout_basic, serial_shops, shop,
          nicolae_shop_behind_doors, nicolae_diamond_shop,
          nicolae_shop_scrapyard
D:2:      layout_loops_ring
D:3:      layout_loops_ring
D:4:      layout_gridville, minmay_temple_entry_arrows, minmay_quantized
D:5:      kennysheep_spiral_hall, layout_cave_pods, serial_shops,
          nicolae_square_shop, grunt_ministairs_2, saegor_snake_ambush,
          uniq_ijyb
D:6:      layout_basic, lemuel_crystal_altar, dreamdust_mushroom_princess,
          nicolae_nh_ransacked_shop
D:7:      nzn_winding_woodlands_cross [nzn_winding_woodlands_5x15_pockets,
          nzn_winding_woodlands_5x15_eye, nzn_winding_woodlands_5x15_jagged,
          nzn_winding_woodlands_5x15_sawtooth,
          nzn_winding_woodlands_15x15_eel_pit], layout_loops_ring,
          grunt_temple_overflow_growth_and_decay, minmay_misc_feat_iff,
          uniq_pikel
Temple:   nicolae_temple_superstar

Skill      XL: |  1  2  3  4  5  6  7  8  9 |
---------------+----------------------------+-----
Fighting       | 4 5 6 8 |  8.4
Axes           | 5 6 7 8 9 11 12 | 12.2
Invocations    | 2 5 |  5.8
Dodging        | |  2.4

Action                     |  1- 3 |  4- 6 |  7- 9 || total
---------------------------+-------+-------+-------++-------
  Melee: Hand axe          |   103 |    44 |       ||   147
         War axe           |       |    39 |   153 ||   192
   Fire: Sling             |    23 |    42 |    47 ||   112
  Throw: Dart              |       |     2 |     5 ||     7
 Invoke: Convert to Beogh  |       |     1 |       ||     1
  Evoke: Wand              |       |       |     3 ||     3
    Use: Scroll            |       |     3 |     2 ||     5
         Potion            |       |       |     2 ||     2
 Armour: Robe              |    14 |       |       ||    14
         Ring mail         |       |    13 |       ||    13
         Plate armour      |       |    22 |    40 ||    62
         Scale mail        |       |       |    44 ||    44
  Dodge: Dodged            |    66 |    49 |    59 ||   174

Table legend: (Time is in decaauts)
 A = Elapsed time spent in this place.
 B = Non-inter-level travel time spent in this place.
 C = Inter-level travel time spent in this place.
 D = Time resting spent in this place.
 E = Time spent auto-exploring this place.
 F = Levels seen in this place.
 G = Mean time per level.
                   A        B        C        D        E       F      G
               +--------+--------+--------+--------+--------+-----+--------+
         Total |   6231 |   5400 |    831 |   1020 |   2763 |   8 |  778.9 |
       Dungeon |   6221 |   5390 |    831 |   1020 |   2763 |   7 |  888.7 |
        Temple |      9 |      9 |      0 |      0 |      0 |   1 |    9.0 |
               +--------+--------+--------+--------+--------+-----+--------+

Top non-repeatable levels by time:
     D:5: 1245 daAuts
     D:1: 1138 daAuts
     D:4: 1126 daAuts
     D:3: 954 daAuts
     D:6: 934 daAuts
     D:2: 795 daAuts
     D:7: 27 daAuts
  Temple: 9 daAuts
